 Dungeon Crawl Stone Soup version 0.30-a0-618-gd6c86c23d0 (webtiles) character file.

Game seed: 9888841363982594859

713 drugrobin the Insei (level 7, -6/47 (56) HPs)
             Began as a Demigod Delver on Jan 10, 2023.
             Mangled by an ogre
             ... wielding a +0 giant club
              (23 damage)
             ... on level 6 of the Dungeon.
             The game lasted 00:12:10 (5037 turns).

drugrobin the Insei (Demigod Delver)                Turns: 5037, Time: 00:12:11

HP:   -6/47 (56)    AC:  5    Str: 17    XL:     7   Next: 17%
MP:   7/9           EV: 12    Int: 12    God:
Gold: 321           SH:  0    Dex: 19    Spells: 4/6 levels left

rFire   . . .      SeeInvis .      - Unarmed
rCold   . . .      Faith    .    (no shield)
rNeg    + . .      Spirit   .    y - +2 robe {rN+}
rPois   .          Reflect  .    (no helmet)
rElec   .          Harm     .    (no cloak)
rCorr   .          Rampage  .    (no gloves)
Will    .....                    i - +0 pair of boots
Stlth   +++                      (no amulet)
HPRegen 0.27/turn                (no ring)
MPRegen 0.11/turn                (no ring)

@: very slightly contaminated, heavily drained
A: high MP 1, forlorn, divine attributes
a: no special abilities


You were on level 6 of the Dungeon.
You visited 1 branch of the dungeon, and saw 6 of its levels.

You collected 321 gold pieces.

Inventory:

Missiles
 g - 70 stones (quivered)
 h - 8 javelins
 r - 3 poisoned darts
Armour
 a - a +0 leather armour
 i - a +0 pair of boots (worn)
 q - a +0 scale mail
 y - a +2 robe of positive energy (worn)
Wands
 f - a wand of digging (3)
 v - a wand of iceblast (2)
Scrolls
 b - a scroll of fog
 c - a scroll of magic mapping
 d - 2 scrolls of fear
 j - a scroll of butterflies
 l - 4 scrolls of teleportation
 n - a scroll of poison {unknown}
 o - 3 scrolls of enchant weapon {unknown}
 p - 2 scrolls of immolation
Potions
 e - 2 potions of haste
 k - a potion of flight {unknown}
 m - a potion of magic
 s - 2 potions of curing
 t - 4 potions of attraction
 u - a potion of heal wounds
 w - a potion of might {unknown}
 x - a potion of lignification {unknown}


   Skills:
 - Level 2.6 Fighting
 - Level 1.7 Dodging
 - Level 4.5 Stealth
 + Level 7.7 Unarmed Combat


You had 4 spell levels left.
You knew the following spells:

 Your Spells              Type           Power      Damage    Failure   Level
a - Cigotuvi's Dreadful   Necr/Pois/Air  0%         N/A       45%         2

Your spell library contained the following spells:

 Spells                   Type           Power      Damage    Failure   Level
 Dispel Undead            Necr           0%         3d6       97%         4
 Death Channel            Necr           0%         N/A       100%        6


Dungeon Overview and Level Annotations

Branches:
Dungeon (6/15)             Temple (0/1) D:5


Innate Abilities, Weirdness & Mutations

You have an increased reservoir of magic. (+10% MP)
You shall have no god before yourself.
Your divine heritage dramatically boosts your attributes as you level up.


Message History

Aim: an ogre, wielding a +0 giant club (76% to hit)
You throw a poisoned dart.
The poisoned dart barely misses the ogre.
Unknown command.
Throw: 6 darts (poison)
Press: ? - help, Shift-Dir - straight line, f/p - ogre
Aim: an ogre, wielding a +0 giant club (76% to hit)
You throw a poisoned dart.
The poisoned dart barely misses the ogre.
Unknown command.
Throw: 5 darts (poison)
Press: ? - help, Shift-Dir - straight line, f - you, p - ogre Really target yourself?
Okay, then.
Throw: 5 darts (poison)
Press: ? - help, Shift-Dir - straight line, f - ogre
Aim: an ogre, wielding a +0 giant club (76% to hit)
You throw a poisoned dart. The poisoned dart hits the ogre.
The ogre is poisoned.
Unknown command.
Throw: 4 darts (poison)
Press: ? - help, Shift-Dir - straight line, f/p - ogre
Aim: an ogre, wielding a +0 giant club (poisoned, 76% to hit)
You throw a poisoned dart.
The poisoned dart barely misses the ogre.
Unknown command.
Unknown command.
Casting: Cigotuvi's Dreadful Rot (dangerous; 45% risk of failure)
Confirm with . or Enter, or press ? or * to list all spells.
You miscast Cigotuvi's Dreadful Rot.
You are very lightly contaminated with residual magic.
Nothing appears to happen.
Unknown command.
Unknown command.
The ogre attacks as you move away!
The ogre hits you with a +0 giant club!!
Ouch! That really hurt!
The ogre attacks as you move away!
The ogre hits you with a +0 giant club!!
You die...

####.....####...##
##.........##
.........###...##
##....###..##
.........##...## #...##
###.# ........##...##
#..## #.#
............## #.## #.#
....##.....## ##.# ##.#
..#.....O.## #.##
###..#
.........#.##########.#
##...##
######..###(...O@....##
#.#### #.##
#.#########.# ### #.##
#.# ### ## ###


You could see an ogre (poisoned).

Vanquished Creatures
  4 scorpions
  3 wights
  A hound (D:5)
  A jelly (D:5)
  2 iguanas
  2 orc wizards
  5 gnolls
  3 adders (D:5)
  A white imp (D:5)
  An ufetubus (D:5)
  A dart slug (D:2)
  7 orcs
  7 bats
  7 endoplasms
  4 giant cockroaches
  4 goblins
  7 hobgoblins
  3 jackals (D:2)
  7 quokkas
  5 ball pythons (D:3)
  A frilled lizard (D:3)
  7 kobolds
  4 rats
87 creatures vanquished.

Notes
Turn   | Place    | Note
-------+----------+-------------------------------------------
     0 | D:5      | drugrobin the Demigod Delver began the quest for the Orb.
     0 | D:5      | Reached XP level 1. HP: 18/18 MP: 3/3
   107 | D:3      | Reached skill level 2 in Unarmed Combat
   362 | D:2      | Reached XP level 2. HP: 25/25 MP: 4/4
   717 | D:1      | Reached skill level 3 in Unarmed Combat
   924 | D:1      | Reached XP level 3. HP: 24/30 MP: 5/5
  2173 | D:4      | Reached skill level 4 in Unarmed Combat
  2405 | D:4      | Noticed a scorpion
  2423 | D:4      | Killed a scorpion
  2424 | D:4      | Reached XP level 4. HP: 37/37 MP: 6/6
  2710 | D:5      | Reached skill level 5 in Unarmed Combat
  2710 | D:5      | Reached XP level 5. HP: 11/42 MP: 7/7
  2717 | D:5      | HP: 2/42 [poisoned by a scorpion]
  2874 | D:5      | Found a staircase to the Ecumenical Temple.
  3172 | D:5      | Reached skill level 6 in Unarmed Combat
  3317 | D:5      | Reached XP level 6. HP: 38/50 MP: 8/8
  3894 | D:5      | Reached skill level 7 in Unarmed Combat
  4590 | D:6      | Reached XP level 7. HP: 19/47 MP: 9/9
  5006 | D:6      | Learned a level 2 spell: Cigotuvi's Dreadful Rot
  5037 | D:6      | Mangled by an ogre

Illustrated notes

Levels and vault maps discovered:
D:1:      roderic_chinese_lattice_arrival, layout_rooms, serial_curves,
          eino_curves_02, eino_curves_04
D:2:      layout_loops_ring
D:3:      layout_loops_ring, cheibriados_altar_1
D:4:      layout_loops_cross, nicolae_hepliaklqana_hippocampus, kennysheep_mini
D:5:      layout_loops_ring, nzn_wu_jian_contemplation,
          minmay_temple_entry_stoned_glass, st_stairs_3, dk_vineyard_3
D:6:      layout_layer_cave, nicolae_overflow_hidden_temple,
          uniq_crazy_yiuf_cottage

Skill      XL: |  1  2  3  4  5  6 |
---------------+-------------------+-----
Unarmed Combat | 2 3 4 5 6 7 |  7.7
Fighting       | |  2.6
Dodging        | |  1.7
Stealth        | |  4.5

Action                   |  1- 3 |  4- 6 |  7- 9 || total
-------------------------+-------+-------+-------++-------
Melee: Unarmed           |   257 |   132 |     8 ||   397
       Punch             |     9 |     5 |       ||    14
Throw: Javelin           |     4 |     2 |     3 ||     9
       Stone             |    11 |     5 |       ||    16
       Dart              |     2 |    20 |     5 ||    27
Evoke: Wand              |       |       |     1 ||     1
  Use: Scroll            |     8 |     1 |       ||     9
 Stab: Sleeping          |     9 |       |       ||     9
       Distracted        |     1 |       |       ||     1
Armor: Leather armour    |    37 |       |       ||    37
       Scale mail        |    44 |    38 |       ||    82
Dodge: Dodged            |   147 |    64 |     1 ||   212

Table legend: (Time is in decaauts)
 A = Elapsed time spent in this place.
 B = Non-inter-level travel time spent in this place.
 C = Inter-level travel time spent in this place.
 D = Time resting spent in this place.
 E = Time spent auto-exploring this place.
 F = Levels seen in this place.
 G = Mean time per level.
                   A        B        C        D        E       F      G
               +--------+--------+--------+--------+--------+-----+--------+
         Total |   5017 |   4952 |     65 |    872 |   2786 |   6 |  836.2 |
       Dungeon |   5017 |   4952 |     65 |    872 |   2786 |   6 |  836.2 |
               +--------+--------+--------+--------+--------+-----+--------+

Top non-repeatable levels by time:
     D:5: 1757 daAuts
     D:2: 838 daAuts
     D:4: 686 daAuts
     D:3: 632 daAuts
     D:1: 562 daAuts
     D:6: 540 daAuts
